 Dungeon Crawl Stone Soup version 0.25-b1-23-ge2ad7d536c (webtiles) character file.

Game seed: 15627609552901824183, levelgen mode: deterministic

157 Dirian the Chopper (level 5, -5/46 HPs)
             Began as a Hill Orc Fighter on May 30, 2020.
             Killed by divine providence
             ... invoked by an orc priest
              (10 damage)
             ... on level 3 of the Dungeon.
             The game lasted 00:03:31 (2676 turns).

Dirian the Chopper (Hill Orc Fighter)               Turns: 2676, Time: 00:03:32

Health: -5/46      AC:  7    Str: 20    XL:     5   Next: 38%
Magic:  5/5        EV:  7    Int:  8    God:
Gold:   72         SH:  9    Dex: 10    Spells: 4/4 levels left

rFire    . . .     SeeInvis .   a - +0 war axe
rCold    . . .     Gourm    .   c - +0 kite shield
rNeg     . . .     Faith    .   b - +0 scale mail
rPois    .         Spirit   .   (no helmet)
rElec    .         Reflect  .   (no cloak)
rCorr    .         Harm     .   (no gloves)
MR       .....                  (no boots)
Stlth    ..........             (no amulet)
HPRegen  0.15/turn              (no ring)
MPRegen  0.09/turn              (no ring)

@: no status effects
A: no striking features
a: Convert to Beogh


You were on level 3 of the Dungeon.
You were very hungry.

You visited 1 branch of the dungeon, and saw 3 of its levels.

You collected 72 gold pieces.

Inventory:

Hand Weapons
 a - a +0 war axe (weapon)
 k - a +0 war axe
Armour
 b - a +0 scale mail (worn)
 c - a +0 kite shield (worn)
 i - a +0 tower shield
Jewellery
 g - an uncursed ring of resist corrosion {unknown}
 r - an uncursed ring of protection from cold {unknown}
 u - an uncursed ring of protection from cold {unknown}
Scrolls
 j - 2 scrolls of teleportation {unknown}
 l - a scroll of fear {unknown}
 m - a scroll of immolation {unknown}
 n - a scroll of random uselessness {unknown}
 q - a scroll of noise {unknown}
 t - a scroll of identify {unknown}
Potions
 e - 2 potions of lignification {unknown}
 h - 4 potions of curing {unknown}
 o - a potion of mutation {unknown}
 p - a potion of heal wounds {unknown}
Comestibles
 f - 7 rations


   Skills:
 + Level 4.1 Fighting
 * Level 5.6 Axes
 + Level 3.9 Armour
 + Level 4.0 Shields


You had 4 spell levels left.
You didn't know any spells.
Your spell library was empty.

Dungeon Overview and Level Annotations

Branches:
Dungeon (3/15)

Altars:
Uskayaw

Annotations:
D:3 2 runed translucent doors, smbutler8's ghost, amateur TrFi


Message History

You hit the orc but do no damage. You hit the orc.
You kill the orc!
You block the orc's attack. The orc priest barely misses you.
The hobgoblin hits you but does no damage.
The orc barely misses you.
You closely miss the orc priest.
The orc priest is heavily wounded.
You hit the hobgoblin but do no damage. You hit the orc.
You kill the orc!
The orc priest hits you but does no damage.
You block the hobgoblin's attack. The orc priest hits you with a +0 whip.
* * * LOW HITPOINT WARNING * * *
You hit the orc priest but do no damage.
The orc priest is heavily wounded.
Your shield prevents you from hitting the hobgoblin.
The hobgoblin hits you with a +0 club.
* * * LOW HITPOINT WARNING * * *
The orc priest mumbles some strange prayers to Beogh against you.
Beogh smites you!
You die...

.........+ ... .##
.........# .. ..
#>......# .. #.#
##÷....## #. ..#
##...## #.#..
##'## #... #.#
#..#####.# #.#
#o)g...>.# ##.##
##@#######
###...## #.#
.......# #.#
.##...## #.#
.♣♣#.###########.#
..♣..............#
.♣♣#.#############
.♣ #.# .♣ #.#


You could see an orc priest and a hobgoblin.

Vanquished Creatures
  5 gnolls
  3 adders
  An ooze (D:1)
  A worm (D:2)
  A leopard gecko (D:2)
  8 orcs (D:3)
  2 ball pythons (D:1)
  6 bats
  4 giant cockroaches
  7 goblins
  7 hobgoblins
  9 kobolds
  3 frilled lizards
  11 rats
68 creatures vanquished.

Notes
Turn   | Place    | Note
-------+----------+-------------------------------------------
     0 | D:1      | Dirian the Hill Orc Fighter began the quest for the Orb.
     0 | D:1      | Reached XP level 1. HP: 19/19 MP: 1/1
   157 | D:1      | Reached skill level 3 in Axes
   157 | D:1      | Reached XP level 2. HP: 20/27 MP: 2/2
   329 | D:1      | Reached XP level 3. HP: 31/33 MP: 3/3
   902 | D:2      | Reached skill level 4 in Axes
  1055 | D:2      | Reached XP level 4. HP: 39/40 MP: 4/4
  1865 | D:3      | Found a hide-covered altar of Uskayaw.
  2099 | D:3      | Reached skill level 5 in Axes
  2171 | D:3      | Reached XP level 5. HP: 21/46 MP: 5/5
  2412 | D:3      | Found a runed translucent door.
  2416 | D:3      | Noticed smbutler8's ghost (amateur TrFi)
  2611 | D:3      | Found a runed translucent door.
  2676 | D:3      | Killed from afar by an orc priest

Illustrated notes

Levels and vault maps discovered:
D:1:      minmay_arrival_three_doors, layout_basic
D:2:      layout_basic, first_ration, kennysheep_generic_room_12
D:3:      layout_loops_corners, fiery_altar_vehumet,
          eat_drink_and_be_merry_uskayaw, ebering_ghost_sewer_f, serial_forest,
          infiniplex_forest_end_2, infiniplex_forest_lined_room_3,
          infiniplex_forest_straight_4, infiniplex_forest_lined_room_2,
          infiniplex_forest_lined_corner, infiniplex_forest_clump_cross,
          infiniplex_forest_corner_2

Skill      XL: |  1  2  3  4  5 |
---------------+----------------+-----
Axes           | 3 4 5 |  5.6
Fighting       | 4 |  4.1
Shields        | 4 |  4.0
Armour         | |  3.9

Action                   |  1- 3 |  4- 6 || total
-------------------------+-------+-------++-------
Melee: War axe           |   107 |   131 ||   238
  Use: Potion            |       |     1 ||     1
  Eat: Chunk             |     1 |     4 ||     5
Armor: Scale mail        |    46 |    52 ||    98
Dodge: Dodged            |    23 |    50 ||    73
Block: Kite shield       |    71 |    78 ||   149
